AoeStats
← E-d-d-i-e91G

Lombardia

509825298Analyzed
2v2 RM · 5d ago on Sep 28, 2026· 69m 26s· 4 players
Game mode
Random Map
Map size
Medium (4 player)
Population
200
Speed
Normal
Resources
Standard
Victory
Conquest
Starting age
Dark Age
Ending age
Imperial Age
RankedLock teamsTeams togetherTeam positionsShared explorationLock speedFull tech treeHidden civsTurbo modeCheats
Victory
Defeat
🇦🇺 Goths · Australia
397
+19
🇦🇺 Khmer · Australia
393
+19
🇺🇸 Persians · United States
561
-23
🇮🇳 Britons · India
361
-15
E-d-d-i-e91G
10:45 Feudal Age
12:19 Wheelbarrow
13:16 Double-Bit Axe
13:26 Horse Collar
15:46 Town Watch
22:01 Bloodlines
26:28 Castle Age
27:43 Caravan
28:06 Hand Cart
28:49 Heavy Plow
29:43 Gold Mining
34:10 Husbandry
38:18 Scale Barding Armor
38:29 Forging
43:48 Tusk Swords
44:51 Chain Barding Armor
46:53 Bow Saw
49:52 Town Patrol
52:58 Imperial Age
57:27 Crop Rotation
57:46 Gold Shaft Mining
57:26 Double Crossbow
57:56 Stone Mining
60:11 Plate Barding Armor
59:38 Elite Battle Elephant
63:39 Iron Casting
65:45 Stone Shaft Mining
67:11 Elite Ballista Elephant
IAMASTROMAN9714
13:51 Feudal Age
14:15 Horse Collar
14:59 Double-Bit Axe
15:30 Scale Mail Armor
15:41 Forging
17:08 Wheelbarrow
18:50 Scale Barding Armor
19:43 Loom
24:22 Castle Age
22:35 Man-at-Arms
25:09 Bloodlines
26:46 Chain Mail Armor
26:44 Husbandry
27:48 Long Swordsman
27:52 Pikeman
28:34 Squires
29:05 Heavy Plow
29:32 Long Swordsman
29:49 Light Cavalry
36:49 Hand Cart
36:41 Elite Skirmisher
42:49 Imperial Age
42:39 Padded Archer Armor
42:30 Fletching
43:02 Chain Barding Armor
43:06 Two-Handed Swordsman
44:54 Fervor
45:33 Cavalier
48:06 Champion
50:01 Elite Huskarl
51:32 Bow Saw
51:28 Anarchy
53:07 Iron Casting
62:01 Capped Ram
ElPaisaCOL
1:28 Loom
13:14 Feudal Age
14:52 Wheelbarrow
14:02 Town Watch
16:09 Double-Bit Axe
16:21 Gold Mining
18:47 Stone Mining
21:25 Horse Collar
24:20 Castle Age
22:20 Arson
26:41 Hand Cart
26:26 Town Patrol
26:21 Crossbowman
karthiksandy19
16:21 Feudal Age
17:46 Horse Collar
21:09 Wheelbarrow
21:47 Gold Mining
21:48 Stone Mining
21:48 Double-Bit Axe
26:28 Castle Age
25:12 Fletching
25:23 Padded Archer Armor
25:26 Scale Mail Armor
26:54 Forging
28:11 Heavy Plow
27:53 Pikeman
29:00 Hand Cart
32:24 Yeomen
32:53 Gold Shaft Mining
32:52 Bodkin Arrow
33:14 Leather Archer Armor
33:35 Iron Casting
33:16 Chain Mail Armor
33:53 Ballistics
33:31 Murder Holes
33:45 Squires
35:01 Bow Saw
37:48 Imperial Age
44:05 Elite Longbowman
44:48 Warwolf
46:31 Two-Man Saw
46:41 Bracer
47:52 Chemistry
48:46 Ring Archer Armor
50:17 Plate Mail Armor
50:48 Blast Furnace
55:22 Halberdier
Connection lost

Rejoining the realm…

Still unreachable

The connection could not be restored.

Session expired

The server has moved on; the page needs a fresh start.